 Dungeon Crawl Stone Soup version 0.27-a0-1188-g73eefd5def (webtiles) character file.

Game seed: 10991887718424474350

34 Glokmah the Bolt Thrower (level 3, -1/31 HPs)
             Began as a Minotaur Hunter on May 22, 2021.
             Killed from afar by Sigmund (8 damage)
             ... with a magic dart
             ... on level 2 of the Dungeon.
             The game lasted 00:01:47 (953 turns).

Glokmah the Bolt Thrower (Minotaur Hunter)           Turns: 953, Time: 00:01:48

Health: -1/31      AC:  3    Str: 16    XL:     3   Next: 14%
Magic:  2/2        EV: 11    Int:  8    God:
Gold:   82         SH:  0    Dex: 11    Spells: 2/2 levels left

rFire    . . .     SeeInvis .   b - +0 great sword
rCold    . . .     Faith    .   (shield currently unavailable)
rNeg     . . .     Spirit   .   c - +0 leather armour
rPois    .         Reflect  .   (helmet restricted)
rElec    .         Harm     .   (no cloak)
rCorr    .         Rampage  .   (no gloves)
Will     .....                  (no boots)
Stlth    +.........             (no amulet)
HPRegen  0.10/turn              (no ring)
MPRegen  0.08/turn              (no ring)

@: no status effects
A: horns 2, retaliatory headbutt
a: no special abilities


You were on level 2 of the Dungeon.
You visited 1 branch of the dungeon, and saw 2 of its levels.

You collected 82 gold pieces.

Inventory:

Hand Weapons
 a - a +1 hand crossbow
 b - a +0 great sword (weapon)
Missiles
 d - 19 bolts
 e - 2 silver javelins (quivered)
Armour
 c - a +0 leather armour (worn)
Scrolls
 f - a scroll of torment {unknown}
Potions
 h - a potion of might
 j - a potion of cancellation {unknown}


   Skills:
 + Level 3.2 Fighting
 * Level 5.2 Crossbows
 - Level 2.1 Dodging
 - Level 0.7 Stealth


You had 2 spell levels left.
You didn't know any spells.
Your spell library was empty.

Dungeon Overview and Level Annotations

Branches:
Dungeon (2/15)

Altars:

Annotations:
D:2 Sigmund


Innate Abilities, Weirdness & Mutations

You have a pair of horns on your head.
You reflexively headbutt those who attack you in melee.


Message History

You slash the ball python!
You kill the ball python!
No target in view!
You see here a +0 hand axe.
There is a stone staircase leading up here.
Blink to where?
Press: ? - help, Dir - move target
As you read the scroll labelled FES YFYWABRUR, it crumbles to dust.
It was a scroll of blinking.
There is a stone staircase leading up here.
As you read the scroll labelled WUHIYZXYSO, it crumbles to dust.
It is a scroll of identify.
h - a potion of might
As you read the scroll labelled RUODOZIJOA, it crumbles to dust.
Magic quickly surges around you.
It was a scroll of vulnerability.
You now have 66 gold pieces (gained 13).
You feel your willpower return.
f - a scroll labelled TUN ZEMINYUVE
Found a club.
Found a stone staircase leading down.
You now have 82 gold pieces (gained 16).
Found a chain mail.
Sigmund the Dreaded comes into view.
He is wielding a +0 scythe.
Sigmund shouts!
Sigmund casts a spell at himself.
Sigmund flickers and vanishes!
Deactivating autopickup; reactivate with Ctrl-A.
Found a chain mail.
A puff of flame appears from out of thin air!
The puff of flame hits you.
You hear some strange, mumbled words.
Something tries to affect you, but you resist.
Something hits you! Something hits you.
* * * LOW HITPOINT WARNING * * *
You barely miss something.
You hear some strange, mumbled words.
A magic dart appears from out of thin air!
The magic dart hits you!
You die...

### #.#
##.#+#+###
#........# ..
##........#
#...#.......[.#
....##.{......#
.....#.@..[...#
..............#
....#.........#
... #.........#
. #.........#
#.........#
#.>.......+
#....)....##
#..........# #


There were no monsters in sight!

Vanquished Creatures
  A dart slug (D:1)
  2 endoplasms (D:1)
  4 goblins (D:1)
  2 hobgoblins (D:1)
  6 jackals (D:1)
  A kobold (D:1)
  5 ball pythons
  3 bats (D:1)
  2 frilled lizards (D:1)
  3 rats (D:1)
29 creatures vanquished.

Notes
Turn   | Place    | Note
-------+----------+-------------------------------------------
     0 | D:1      | Glokmah the Minotaur Hunter began the quest for the Orb.
     0 | D:1      | Reached XP level 1. HP: 18/18 MP: 0/0
   107 | D:1      | Reached XP level 2. HP: 17/25 MP: 1/1
   274 | D:1      | Reached skill level 5 in Crossbows
   493 | D:1      | Reached XP level 3. HP: 23/31 MP: 2/2
   947 | D:2      | Noticed Sigmund
   953 | D:2      | Killed from afar by Sigmund

Illustrated notes

Levels and vault maps discovered:
D:1:      wander_arrival_fairy_ring, layout_basic
D:2:      layout_basic, basic_altar, hellmonk_ecumenical_altar_zigzags,
          minmay_tromino_mix6, uniq_sigmund

Skill      XL: |  1  2 |
---------------+-------+-----
Fighting       | 3 |  3.2
Crossbows      | 5 |  5.2
Dodging        | |  2.1
Stealth        | |  0.7

Action                   || total
-------------------------++-------
Melee: Great sword       ||    38
       Headbutt          ||     3
 Fire: Hand crossbow     ||    15
  Use: Scroll            ||     3
Armor: Leather armour    ||    16
Dodge: Dodged            ||    41
       Rpst.: Great sword ||    11

Table legend: (Time is in decaauts)
 A = Elapsed time spent in this place.
 B = Non-inter-level travel time spent in this place.
 C = Inter-level travel time spent in this place.
 D = Time resting spent in this place.
 E = Time spent auto-exploring this place.
 F = Levels seen in this place.
 G = Mean time per level.
                   A        B        C        D        E       F      G
               +--------+--------+--------+--------+--------+-----+--------+
         Total |    981 |    947 |     34 |      0 |    691 |   2 |  490.5 |
       Dungeon |    981 |    947 |     34 |      0 |    691 |   2 |  490.5 |
               +--------+--------+--------+--------+--------+-----+--------+

Top non-repeatable levels by time:
     D:1: 885 daAuts
     D:2: 96 daAuts
